 Dungeon Crawl Stone Soup version 0.27.1 (webtiles) character file.

Game seed: 3303385432476090009

10180 fiver49 the Destroyer (level 11, -4/60 HPs)
             Began as a Tengu Conjurer on Aug 25, 2021.
             Was a Priest of Vehumet.
             Slain by a black mamba (10 damage)
             ... on level 1 of the Lair of Beasts.
             The game lasted 00:41:37 (12993 turns).

fiver49 the Destroyer (Tengu Conjurer)             Turns: 12993, Time: 00:41:38

Health: -4/60      AC: 10    Str:  8    XL:     11   Next: 58%
Magic:  8/25       EV: 16    Int: 22    God:    Vehumet [***...]
Gold:   672        SH:  0    Dex: 18    Spells: 9/29 levels left

rFire    + . .     SeeInvis .   e - staff of fire
rCold    . . .     Faith    .   (no shield)
rNeg     . . .     Spirit   .   w - +3 leather armour {rPois}
rPois    +         Reflect  .   (helmet restricted)
rElec    .         Harm     .   K - +0 cloak
rCorr    .         Rampage  .   I - +2 pair of gloves
Will     .....                  (boots unavailable)
Stlth    +++.......             (no amulet)
HPRegen  0.20/turn              l - ring of wizardry
MPRegen  0.19/turn              r - +6 ring of dexterity

@: flying quickly and evasively, quick
A: beak, talons 3, nimble flight
a: Renounce Religion


You were on level 1 of the Lair of Beasts.
You worshipped Vehumet.
Vehumet was most pleased with you.
You visited 2 branches of the dungeon, and saw 12 of its levels.

You collected 672 gold pieces.

Inventory:

Hand Weapons
 t - a +2 whip of electrocution
   (You took it off Pikel on level 5 of the Dungeon)
Missiles
 f - 42 poisoned darts (quivered)
 M - 2 throwing nets
 Q - 5 javelins
Armour
 a - a +0 robe
 w - a +3 leather armour of poison resistance (worn)
   (You took it off Edmund on level 5 of the Dungeon)
 E - a +0 pair of gloves
   (You found it on level 6 of the Dungeon)
 F - a +1 leather armour of willpower
   (You found it on level 6 of the Dungeon)
 I - a +2 pair of gloves (worn)
   (You found it on level 7 of the Dungeon)
 K - a +0 cloak (worn)
   (You found it on level 8 of the Dungeon)
Magical Staves
 e - a staff of fire (weapon)
   (You found it on level 1 of the Dungeon)
Jewellery
 l - a ring of wizardry (left hand)
   (You found it on level 3 of the Dungeon)
 r - a +6 ring of dexterity (right hand)
   (You found it on level 5 of the Dungeon)
 y - a ring of ice
   (You found it on level 5 of the Dungeon)
 A - a ring of positive energy
   (You found it on level 6 of the Dungeon)
Wands
 q - a wand of paralysis (17)
   (You found it on level 4 of the Dungeon)
 B - a wand of flame (43)
   (You found it on level 6 of the Dungeon)
 H - a wand of iceblast (7)
   (You found it on level 6 of the Dungeon)
 L - a wand of polymorph (10)
   (You found it on level 8 of the Dungeon)
 N - a wand of acid (17)
   (You found it on level 9 of the Dungeon)
Scrolls
 d - 3 scrolls of enchant armour
 g - a scroll of immolation {unknown}
 i - a scroll of summoning {unknown}
 k - a scroll of fog {unknown}
 m - a scroll of fear {unknown}
 n - 3 scrolls of teleportation
 o - 3 scrolls of amnesia
 s - 3 scrolls of enchant weapon
 z - 2 scrolls of vulnerability {unknown}
 C - 2 scrolls of noise {unknown}
 G - a scroll of brand weapon {unknown}
 J - a scroll of magic mapping {unknown}
 R - a scroll of torment {unknown}
 S - 2 scrolls of silence {unknown}
Potions
 c - a potion of brilliance {unknown}
 h - 9 potions of curing
 j - 3 potions of haste
 p - a potion of cancellation {unknown}
 u - a potion of degeneration {unknown}
 v - 3 potions of magic
 x - 2 potions of attraction
 D - 2 potions of might {unknown}
 O - a potion of invisibility {unknown}
 P - 2 potions of berserk rage


   Skills:
 + Level 3.0 Fighting
 + Level 3.1 Armour
 + Level 4.1 Dodging
 - Level 4.0 Stealth
 + Level 9.6 Spellcasting
 + Level 13.7 Conjurations
 + Level 6.4 Fire Magic
 - Level 4.0 Earth Magic
 * Level 2.3 Poison Magic


You had 9 spell levels left.
You knew the following spells:

 Your Spells              Type           Power      Damage    Failure   Level
a - Magic Dart            Conj           100%       1d8       1%          1
b - Searing Ray           Conj           100%       3d7       1%          2
c - Fulminant Prism       Conj/Hex       20%        3d13      1%          4
d - Bolt of Magma         Conj/Fire/Erth 31%        4d14      1%          5
e - Apportation           Tloc           20%        N/A       3%          1
f - Dazzling Flash        Conj/Hex       80%        N/A       1%          3
g - Olgreb's Toxic Radia  Pois           20%        N/A       4%          4

Your spell library contained the following spells:

 Spells                   Type           Power      Damage    Failure   Level
 Frozen Ramparts          Ice            20%        1d4       3%          3
 Foxfire                  Conj/Fire      100%       2x1d9     1%          1
 Conjure Flame            Conj/Fire      70%        6-21      1%          3
 Inner Flame              Hex/Fire       37%        N/A       1%          3
 Stone Arrow              Conj/Erth      98%        3d13      1%          3
 Iskenderun's Mystic Bla  Conj/Tloc      40%        2d9       1%          4
 Animate Skeleton         Necr           20%        N/A       3%          1
 Corona                   Hex            11%        N/A       3%          1
 Summon Small Mammal      Summ           40%        N/A       3%          1
 Ozocubu's Armour         Ice            10%        N/A       11%         3
 Metabolic Englaciation   Hex/Ice        5%         N/A       65%         5
 Ignition                 Fire           27%        3d9       95%         8
 Simulacrum               Ice/Necr       5%         N/A       99%         6
 Ozocubu's Refrigeration  Ice            5%         4d6       99%         7
 Chain Lightning          Conj/Air       20%        3d26      100%        9
 Fire Storm               Conj/Fire      35%        8d9       100%        9
 Shatter                  Erth           14%        3d14*     100%        9


Dungeon Overview and Level Annotations

Branches:
Dungeon (11/15)            Temple (0/1) D:7            Lair (1/6) D:9
    Orc: D:9-12

Altars:
Dithmenos
Hepliaklqana
Kikubaaqudgha
Ru
Sif Muna
Uskayaw
Vehumet
The Shining One

Shops:
D:2 =

Annotations:
D:3 Sigmund
D:9 exclusion: 4 skeletal warriors
D:11 2 transporters, Erica


Innate Abilities, Weirdness & Mutations

You have a beak for a mouth.
You have claws for feet.
Your magical nature lets you fly swiftly and evasively.


Message History

Casting: Olgreb's Toxic Radiance (dangerous; 16% risk of failure)
Confirm with . or Enter, or press ? or * to list all spells.
Your toxic radiance grows in intensity.
The yak looks even sicker. x2
The black mamba closely misses you.
Unknown command.
Casting: Olgreb's Toxic Radiance (dangerous; 16% risk of failure)
Confirm with . or Enter, or press ? or * to list all spells.
The black mamba is dazzled.
The yak looks even sicker. x2
The black mamba barely misses you. The black mamba closely misses you.
The black mamba bites you.
Unknown command.
You hit the black mamba but do no damage.
You burn the black mamba. Your peck misses the black mamba.
The black mamba is severely wounded.
The yak looks as sick as possible! x2
Your toxic aura wanes.
The black mamba bites you! The black mamba closely misses you.
The black mamba completely misses you. The black mamba bites you!
Casting: Dazzling Flash (safe; 1% risk of failure)
Confirm with . or Enter, or press ? or * to list all spells.
Aiming: Bolt of Magma (dangerous; 4% risk of failure)
Press: ? - help, Shift-Dir - straight line, f - yak
Aim: a yak (severely wounded, poisoned, 83% to hit)
You feel a surge of power!
The bolt of magma misses the black mamba.
The bolt of magma hits the yak!!
You kill the yak!
Vehumet accepts your kill.
The black mamba bites you but does no damage.
Your Poison Magic skill increases to level 2!
Okay, then.
Casting: Bolt of Magma (dangerous; 3% risk of failure)
Confirm with . or Enter, or press ? or * to list all spells.
You don't have enough magic to cast this spell.
Casting: Bolt of Magma (dangerous; 3% risk of failure)
Confirm with . or Enter, or press ? or * to list all spells.
Okay, then.
Casting: Bolt of Magma (dangerous; 3% risk of failure)
Confirm with . or Enter, or press ? or * to list all spells.
Aiming: Magic Dart (safe; 1% risk of failure)
Press: ? - help, Shift-Dir - straight line, f - black mamba
Aim: a black mamba (severely wounded, 100% to hit)
The magic dart hits the black mamba.
The black mamba is almost dead.
The black mamba completely misses you. The black mamba closely misses you.
The black mamba bites you! The black mamba completely misses you.
The yak gores you but does no damage.
Casting: Magic Dart (safe; 1% risk of failure)
Confirm with . or Enter, or press ? or * to list all spells.
Aiming: Magic Dart (safe; 1% risk of failure)
Press: ? - help, Shift-Dir - straight line, f/p - black mamba
Aim: a black mamba (almost dead, 100% to hit)
The magic dart hits the black mamba.
The black mamba is almost dead.
The black mamba bites you!
* * * LOW HITPOINT WARNING * * *
The black mamba completely misses you.
A komodo dragon comes into view.
The yak barely misses you.
The black mamba bites you but does no damage.
The black mamba bites you.
* * * LOW HITPOINT WARNING * * *
You are lethally poisoned!
The black mamba poisons you!
You feel better.
You kill the yak!
Vehumet accepts your kill.
You feel your power returning.
The black mamba bites you but does no damage. x2
The black mamba bites you!
* * * LOW HITPOINT WARNING * * *
The black mamba closely misses you. The yak gores you but does no damage.
The black mamba is no longer blind.
The black mamba misses you.
Okay, then.
Press: ? - help, v - describe, . - travel
Here: a black mamba (almost dead)
The floor.
You kill the yak!
Vehumet accepts your kill.
Vehumet is now aiding your destructive spells.
You kill the yak!
Vehumet accepts your kill.
You feel your power returning. The black mamba closely misses you.
Training target 4.0 for Stealth reached!
Your Fighting skill increases to level 3!
Your Stealth skill increases to level 4!
The black mamba bites you but does no damage. x2
The black mamba closely misses you.
The black mamba bites you but does no damage.
The black mamba barely misses you. The black mamba bites you!
* * * LOW HITPOINT WARNING * * *
The black mamba closely misses you. The black mamba barely misses you.
The black mamba bites you.
* * * LOW HITPOINT WARNING * * *
The black mamba completely misses you.
There is a staircase back to the Dungeon, spattered with blood here.
The black mamba bites you but does no damage.
The black mamba bites you!
You die...

#.......#######
#..†..........
#...........
##........
#.#...#.#
###.....$##
..........###
...##.......# #
#..S@#....#
#..S###....#
#.†.# ##...
#...## #.
#....## #.....#
#.....#
#......#
#....###


You could see 2 black mambas.

Vanquished Creatures
  Pikel (D:5)
  A gargoyle (D:11)
  A kobold demonologist (D:10)
  A tengu conjurer (D:8)
  A hornet (D:8)
  Prince Ribbit (D:5)
  A shadow (D:11)
  A vampire (D:9)
  13 yaks
  A basilisk (D:9)
  4 wyverns (D:9)
  2 steam dragons (D:6)
  Edmund (D:5)
  3 acid dragons
  6 water moccasins
  2 orc warriors
  2 ice beasts (D:8)
  A sky beast (D:8)
  3 ogres
  2 black bears
  3 centaurs
  2 wolves (D:9)
  A lemure (D:5)
  3 kobold brigands
  A phantom (D:4)
  A gnoll sergeant (D:9)
  2 scorpions (D:5)
  2 bullfrogs
  2 wyvern zombies (D:6)
  A water moccasin zombie (D:4)
  A wyvern skeleton (D:6)
  11 killer bees
  6 wights (D:8)
  8 howler monkeys
  2 lava snakes (D:9)
  3 bullfrog zombies (D:6)
  6 centaur zombies
  2 hounds
  3 jellies
  2 centaur skeletons (D:6)
  A gnoll shaman (D:8)
  3 bullfrog skeletons (D:6)
  2 orc wizards
  A killer bee zombie (D:6)
  A hound skeleton (D:2)
  4 gnolls (D:9)
  4 howler monkey zombies
  8 adders
  An adder skeleton (D:4)
  A worm (D:4)
  3 dart slugs
  6 orcs
  6 endoplasms
  2 giant cockroaches
  6 goblins
  9 hobgoblins
  6 jackals
  A quokka (D:1)
  5 ball pythons
  4 bats
  2 frilled lizards (D:1)
  23 kobolds
  8 rats
  A fulminant prism (D:8)
218 creatures vanquished.

Vanquished Creatures (others)
  46 fulminant prisms
  2 fungi (D:9)
  19 plants (D:9)
67 creatures vanquished.

Grand Total: 285 creatures vanquished

Notes
Turn   | Place    | Note
-------+----------+-------------------------------------------
     0 | D:1      | fiver49 the Tengu Conjurer began the quest for the Orb.
     0 | D:1      | Reached XP level 1. HP: 10/10 MP: 4/4
   170 | D:1      | Reached XP level 2. HP: 13/15 MP: 0/6
   239 | D:1      | Learned a level 2 spell: Searing Ray
   955 | D:1      | Reached XP level 3. HP: 19/19 MP: 4/7
  1059 | D:2      | Reached skill level 6 in Conjurations
  1207 | D:2      | Found a faded altar of an unknown god.
  1428 | D:2      | Reached skill level 3 in Spellcasting
  1476 | D:2      | Reached XP level 4. HP: 23/24 MP: 5/9
  1636 | D:2      | Found Jyuhofas's Jewellery Shoppe.
  2740 | D:4      | Gained mutation: Your magical nature lets you fly swiftly
                  | and evasively. [Tengu growth]
  2740 | D:4      | Reached XP level 5. HP: 28/28 MP: 9/11
  3010 | D:4      | Reached skill level 7 in Conjurations
  3071 | D:4      | Noticed a phantom
  3330 | D:4      | Found a shimmering blue altar of Sif Muna.
  3334 | D:4      | Found a hazy altar of Hepliaklqana.
  3370 | D:3      | Noticed Sigmund
  3537 | D:4      | Noticed an ogre
  3542 | D:4      | Killed an ogre
  3543 | D:4      | Reached skill level 4 in Spellcasting
  3543 | D:4      | Reached XP level 6. HP: 32/32 MP: 5/13
  3815 | D:4      | Reached skill level 8 in Conjurations
  4018 | D:4      | Found a shadowy altar of Dithmenos.
  4021 | D:4      | Found a radiant altar of Vehumet.
  4107 | D:5      | Entered Level 5 of the Dungeon
  4107 | D:5      | Noticed Pikel
  4271 | D:5      | Learned a level 4 spell: Fulminant Prism
  4681 | D:5      | Reached XP level 7. HP: 36/36 MP: 11/15
  4687 | D:4      | Became a worshipper of Vehumet
  4801 | D:5      | Reached skill level 5 in Spellcasting
  4841 | D:5      | Noticed Prince Ribbit
  4861 | D:5      | Noticed Edmund
  5053 | D:5      | Killed Pikel
  5054 | D:5      | Reached skill level 6 in Spellcasting
  5054 | D:5      | Reached skill level 10 in Conjurations
  5054 | D:5      | Reached XP level 8. HP: 32/41 MP: 8/18
  5277 | D:5      | Killed Prince Ribbit
  5280 | D:5      | Killed Edmund
  5421 | D:5      | Reached skill level 7 in Spellcasting
  5790 | D:5      | Reached skill level 11 in Conjurations
  5964 | D:6      | Reached XP level 9. HP: 45/45 MP: 17/21
  6294 | D:6      | Reached skill level 8 in Spellcasting
  6312 | D:6      | Reached skill level 12 in Conjurations
  6324 | D:6      | Reached * piety under Vehumet
  6324 | D:6      | Offered knowledge of Shock by Vehumet.
  6508 | D:6      | Found a glowing golden altar of the Shining One.
  6534 | D:6      | Found a sacrificial altar of Ru.
  7204 | D:7      | Identified the +1 ring mail of the Bard {rF++ Str+2 Dex+4}
  7209 | D:7      | Identified the +1 chain mail of Yesterday {Int+4}
  7283 | D:7      | Reached skill level 1 in Earth Magic
  7290 | D:7      | Learned a level 5 spell: Bolt of Magma
  7526 | D:7      | Found a staircase to the Ecumenical Temple.
  7582 | D:7      | HP: 9/45 [orc warrior (17)]
  7592 | D:7      | HP: 7/45 [orc warrior (4)]
  7997 | D:8      | Reached skill level 2 in Earth Magic
  8200 | D:8      | Reached XP level 10. HP: 50/50 MP: 8/23
  8231 | D:8      | Reached skill level 3 in Earth Magic
  8379 | D:8      | Reached skill level 9 in Spellcasting
  8463 | D:8      | Reached skill level 13 in Conjurations
  9251 | D:9      | Reached ** piety under Vehumet
  9299 | D:9      | Offered knowledge of Static Discharge by Vehumet.
  9305 | D:9      | Reached skill level 4 in Earth Magic
  9399 | D:9      | Reached skill level 1 in Fire Magic
  9452 | D:9      | Reached skill level 2 in Fire Magic
  9688 | D:9      | Reached skill level 3 in Fire Magic
  9815 | D:8      | Reached skill level 4 in Fire Magic
 10154 | D:8      | Reached skill level 5 in Fire Magic
 10560 | D:9      | Found a hide-covered altar of Uskayaw.
 10572 | D:9      | Reached skill level 1 in Armour
 10666 | D:9      | Noticed a skeletal warrior
 10666 | D:9      | Noticed a skeletal warrior
 10666 | D:9      | Noticed a skeletal warrior
 10666 | D:9      | Noticed a skeletal warrior
 10701 | D:9      | Reached skill level 1 in Fighting
 10703 | D:9      | Learned a level 1 spell: Apportation
 10707 | D:9      | Learned a level 3 spell: Dazzling Flash
 10903 | D:9      | Reached XP level 11. HP: 56/56 MP: 12/25
 10975 | D:9      | Found a staircase to the Lair.
 10981 | D:9      | Reached skill level 3 in Dodging
 11187 | D:9      | Reached skill level 3 in Stealth
 11251 | D:10     | Entered Level 10 of the Dungeon
 11280 | D:10     | Reached skill level 2 in Armour
 11401 | D:10     | Reached skill level 2 in Fighting
 11403 | D:10     | Reached skill level 6 in Fire Magic
 11405 | D:10     | Offered knowledge of Frozen Ramparts by Vehumet.
 11627 | D:10     | Learned a level 4 spell: Olgreb's Toxic Radiance
 11866 | D:10     | Noticed a soul eater
 12050 | D:10     | Found an ancient bone altar of Kikubaaqudgha.
 12284 | D:11     | Noticed Erica
 12289 | D:11     | Reached skill level 1 in Poison Magic
 12597 | D:11     | Noticed an orc high priest
 12598 | D:11     | Found a transporter.
 12600 | D:11     | Noticed a deep elf knight
 12608 | D:11     | Found a transporter.
 12907 | Lair:1   | Entered Level 1 of the Lair of Beasts
 12975 | Lair:1   | Reached skill level 3 in Armour
 12976 | Lair:1   | Reached skill level 4 in Dodging
 12980 | Lair:1   | Reached skill level 2 in Poison Magic
 12981 | Lair:1   | HP: 13/59 [black mamba (4)]
 12986 | Lair:1   | Reached *** piety under Vehumet
 12987 | Lair:1   | Reached skill level 3 in Fighting
 12987 | Lair:1   | Reached skill level 4 in Stealth
 12989 | Lair:1   | HP: 10/60 [black mamba (9)]
 12993 | Lair:1   | Slain by a black mamba

Illustrated notes

Levels and vault maps discovered:
D:1:      evilmike_arrival_fibonacci_small, layout_basic
D:2:      layout_loops_cross, hellmonk_ecumenical_altar_pennies_from_heaven,
          serial_shops, shop
D:3:      layout_basic, mainiacjoe_overflow_paths,
          mainiacjoe_overflow_six_doors_small, uniq_sigmund
D:4:      layout_cave_pods, nicolae_overflow_hidden_temple
D:5:      layout_loops_ring, minivault_11, grunt_ministairs_13, uniq_edmund,
          uniq_prince_ribbit1, uniq_pikel
D:6:      layout_basic, mainiacjoe_overflow_large_starburst, serial_undead,
          serial_undead_d, serial_undead_c, serial_undead_d, serial_undead_d,
          serial_undead_c, serial_undead_a
D:7:      layout_cave_pools, lemuel_temple_firewalk_a
D:8:      minmay_chambers_of_fours, layout_rooms, enter_bailey_2,
          kennysheep_nub, kennysheep_windowed_goal
D:9:      layout_roguey, kennysheep_little_box, minmay_lair_entry_grove,
          kennysheep_dice
D:10:     layout_roguey, mainiacjoe_overflow_catwalk, amcnicky_mini_pool_small
D:11:     gammafunk_wand_slinger, layout_small_grid, uniq_erica
Lair:1:   layout_cave_pods, chequers_serial_rivers_small_b,
          infiniplex_staircase_pool_2, grunt_megastairs_5

Skill      XL: |  1  2  3  4  5  6  7  8  9 10 11 |
---------------+----------------------------------+-----
Conjurations   | 6 7 8 10 11 12 13 | 13.7
Spellcasting   | 3 4 6 7 8 9 |  9.6
Earth Magic    | 2 4 |  4.0
Fire Magic     | 5 6 |  6.4
Armour         | 1 3 |  3.1
Fighting       | 1 3 |  3.0
Dodging        | 4 |  4.1
Stealth        | 4 |  4.0
Poison Magic   | 2 |  2.3

Action                   |  1- 3 |  4- 6 |  7- 9 | 10-12 || total
-------------------------+-------+-------+-------+-------++-------
Melee: Unarmed           |     7 |       |       |       ||     7
       Peck              |     4 |     2 |       |       ||     6
       Kick              |     4 |     1 |     1 |     1 ||     7
       Staff             |     6 |     7 |     1 |     2 ||    16
 Cast: Magic Dart        |    44 |    69 |    54 |    58 ||   225
       Searing Ray       |    11 |    21 |    43 |    28 ||   103
       Fulminant Prism   |       |       |    13 |    34 ||    47
       Bolt of Magma     |       |       |       |    43 ||    43
       Olgreb's Toxic Ra |       |       |       |     3 ||     3
       Dazzling Flash    |       |       |       |     1 ||     1
Evoke: Wand              |       |       |       |     1 ||     1
  Use: Scroll            |       |       |     6 |     3 ||     9
       Potion            |       |       |       |     1 ||     1
Armor: Robe              |     1 |     1 |     1 |       ||     3
       Leather armour    |       |       |    18 |    26 ||    44
Dodge: Dodged            |    12 |     7 |    39 |    62 ||   120

Table legend: (Time is in decaauts)
 A = Elapsed time spent in this place.
 B = Non-inter-level travel time spent in this place.
 C = Inter-level travel time spent in this place.
 D = Time resting spent in this place.
 E = Time spent auto-exploring this place.
 F = Levels seen in this place.
 G = Mean time per level.
                   A        B        C        D        E       F      G
               +--------+--------+--------+--------+--------+-----+--------+
         Total |  12529 |  11836 |    693 |   1414 |   8682 |  12 | 1044.1 |
       Dungeon |  12444 |  11752 |    692 |   1414 |   8622 |  11 | 1131.3 |
          Lair |     84 |     84 |      0 |      0 |     59 |   1 |   84.0 |
               +--------+--------+--------+--------+--------+-----+--------+

Top non-repeatable levels by time:
     D:4: 1730 daAuts
     D:8: 1669 daAuts
     D:9: 1454 daAuts
     D:5: 1349 daAuts
     D:6: 1281 daAuts
     D:2: 1187 daAuts
    D:10: 1059 daAuts
     D:1: 1052 daAuts
     D:7: 838 daAuts
    D:11: 485 daAuts
     D:3: 335 daAuts
  Lair:1: 84 daAuts

Table legend:
 A = Kills in this place as a percentage of kills in entire the game.
 B = Kills by you in this place as a percentage of kills by you in the entire game.
 C = Kills by friends in this place as a percentage of kills by friends in the entire game.
 D = Other kills in this place as a percentage of other kills in the entire game.
 E = Experience gained in this place as a percentage of experience gained in the entire game.
 F = Experience gained in this place divided by the number of levels of this place that you have seen.
                   A       B       C       D       E      F
               +-------+-------+-------+-------+-------+----------------------
         Total | 100.0 | 100.0 |   N/A |   N/A | 100.0 | 1211.9
       Dungeon |  97.2 |  97.2 |   N/A |   N/A |  91.6 | 1210.7
          Lair |   2.8 |   2.8 |   N/A |   N/A |   8.4 | 1225.0
               +-------+-------+-------+-------+-------+----------------------
